 Dungeon Crawl Stone Soup version 0.21.1-1-g345015fe64 (webtiles) character file.

529 Lothor the Firebug (level 7, -2/46 HPs)
             Began as a Formicid Fire Elementalist on Mar 21, 2018.
             Slain by Norrik's ghost (19 damage)
             ... on level 4 of the Dungeon.
             The game lasted 00:21:32 (5174 turns).

Lothor the Firebug (Formicid Fire Elementalist)     Turns: 5174, Time: 00:21:33

Health: -2/46      AC:  4    Str: 12    XL:     7   Next: 48%
Magic:  3/15       EV: 11    Int: 17    God:
Gold:   161        SH:  3    Dex: 11    Spells: 7/17 levels left

rFire    . . .     SeeInvis +   n - +0 short sword (protect)
rCold    + . .     Gourm    .   r - +0 buckler
rNeg     . . .     Faith    .   p - +2 robe {rC+}
rPois    .         Spirit   .   (helmet unavailable)
rElec    .         Reflect  .   (no cloak)
rCorr    .         Harm     .   (no gloves)
MR       .....                  (no boots)
Stlth    ++........             (no amulet)
HPRegen  0.15/turn              g - ring of wizardry
MPRegen  0.14/turn              (no ring)

@: no status effects
A: permanent stasis, dig shafts and tunnels, four strong arms, antennae 3
a: Dig, Shaft Self


You were on level 4 of the Dungeon.
You were not hungry.

You visited 1 branch of the dungeon, and saw 5 of its levels.

You collected 161 gold pieces.

Inventory:

Hand Weapons
 n - a +0 short sword of protection (weapon)
Missiles
 m - 25 bolts
 u - 31 arrows
Armour
 a - a +0 robe
 p - a +2 robe of cold resistance (worn)
 r - a +0 buckler (worn)
Jewellery
 g - a ring of wizardry (left hand)
Wands
 s - a wand of iceblast (6)
Scrolls
 f - a scroll of identify
 h - 2 scrolls of remove curse {unknown}
 i - a scroll of enchant weapon {unknown}
 j - 2 scrolls of magic mapping {unknown}
 q - 2 scrolls of teleportation {unknown}
 w - 2 scrolls of enchant armour {unknown}
Potions
 d - 3 potions of curing {unknown}
 e - a potion of resistance {unknown}
 k - a potion of haste {unknown}
 l - 3 potions of lignification {unknown}
 o - a potion of heal wounds {unknown}
 t - a potion of flight {unknown}
 v - a potion of ambrosia {unknown}
Books
 b - a book of Flames

   Spells                             Type                      Level
   a - Flame Tongue                   Conjuration/Fire             1
   b - Throw Flame                    Conjuration/Fire             2
   c - Conjure Flame                  Conjuration/Fire             3
   d - Inner Flame                    Hexes/Fire                   3
   e - Sticky Flame                   Conjuration/Fire             4
   f - Fireball                       Conjuration/Fire             5
Comestibles
 c - 5 rations
 x - 4 chunks of flesh


   Skills:
 - Level 1.7 Dodging
 - Level 2.4 Stealth
 + Level 5.6 Spellcasting
 - Level 0.8 Conjurations
 + Level 6.0 Fire Magic


You had 7 spell levels left.
You knew the following spells:

 Your Spells              Type           Power        Failure   Level  Hunger
a - Flame Tongue          Conj/Fire      ###..        2%          1    None
b - Throw Flame           Conj/Fire      ###...       3%          2    #......
c - Conjure Flame         Conj/Fire      ###.....     6%          3    ##.....
d - Sticky Flame          Conj/Fire      ###.....     21%         4    ####...


Dungeon Overview and Level Annotations

Branches:
Dungeon (5/15)
 Temple: D:4-7

Altars:
Ashenzari
Gozag
Kikubaaqudgha
Qazlal
Yredelemnul

Annotations:
D:3 2 transporters
D:4 Norrik's ghost, novice MiMo


Innate Abilities, Weirdness & Mutations

You cannot be hasted, slowed, berserked, paralysed or teleported.
You can dig through walls and to a lower floor.
Your four strong arms can wield two-handed weapons with a shield.
You have a pair of large antennae on your head. (SInv)


Message History

Aim: Norrik's ghost, wielding a weapon of electrocution (moderately damaged)
The flame tongue misses Norrik's ghost.
Norrik's ghost hits you but does no damage.
Casting: Flame Tongue
Confirm with . or Enter, or press ? or * to list all spells.
Aiming: Flame Tongue
Press: ? - help, Shift-Dir - straight line, f/p - Norrik's ghost
Aim: Norrik's ghost, wielding a weapon of electrocution (moderately damaged)
The flame tongue hits Norrik's ghost.
Norrik's ghost is moderately damaged.
Norrik's ghost hits you.
Casting: Flame Tongue
Confirm with . or Enter, or press ? or * to list all spells.
Aiming: Flame Tongue
Press: ? - help, Shift-Dir - straight line, f/p - Norrik's ghost
Aim: Norrik's ghost, wielding a weapon of electrocution (moderately damaged)
The flame tongue hits Norrik's ghost.
Norrik's ghost appears unharmed.
Norrik's ghost is moderately damaged.
Norrik's ghost hits you.
You are electrocuted!
You die...

.#.#.#.#.#.#.# #.#
#.#.#.#.#.#.#.#############)#
.#.#.#.#.#.#.#.#.)..........#
#.#.#.#.#.#.#.##.############
.#.#.#.#.#.#.#.#.#
#.#.#.#.#.#.#.##.#
.#.#.#.#.#.#.#.#.#
#.#.#.#.#.#.#. #.#
.#.#.#.#.#.#. #@#
#.#.#.#.#.#.# #W#
.#.#.#.#.#.#. #.#
#.#.#.#.#.#.#{ #.# #.
#.#.#.#. #.# #.#.#. #.# #.# #
# #.# .# .#. #.#


You could see Norrik's ghost.

Vanquished Creatures
  Sigmund (D:3)
  An ogre (D:2)
  A hound (D:4)
  2 orc priests (D:4)
  2 orc wizards (D:4)
  4 adders
  A howler monkey skeleton (D:4)
  An ooze (D:4)
  3 worms
  4 dart slugs
  A leopard gecko (D:1)
  5 orcs
  2 ball pythons
  8 bats
  5 giant cockroaches
  7 goblins
  4 hobgoblins
  8 jackals
  9 kobolds
  2 frilled lizards (D:2)
  A leopard gecko skeleton (D:2)
  6 rats
78 creatures vanquished.

Notes
Turn   | Place    | Note
-------+----------+-------------------------------------------
     0 | D:1      | Lothor the Formicid Fire Elementalist began the quest for the Orb.
     0 | D:1      | Reached XP level 1. HP: 13/13 MP: 3/3
   318 | D:1      | Reached XP level 2. HP: 19/19 MP: 2/5
   322 | D:1      | Learned a level 2 spell: Throw Flame
  1080 | D:1      | Reached XP level 3. HP: 24/24 MP: 2/7
  1085 | D:1      | Learned a level 3 spell: Conjure Flame
  1936 | D:2      | Found an opulent altar of Gozag.
  2186 | D:2      | Noticed an ogre
  2597 | D:2      | Reached XP level 4. HP: 30/30 MP: 0/8
  2789 | D:2      | Killed an ogre
  2789 | D:2      | Reached skill level 4 in Fire Magic
  2789 | D:2      | Reached XP level 5. HP: 35/35 MP: 0/11
  2888 | D:3      | Learned a level 4 spell: Sticky Flame
  2996 | D:3      | Noticed Sigmund
  3021 | D:3      | Killed Sigmund
  3021 | D:3      | Reached skill level 5 in Fire Magic
  3021 | D:3      | Reached XP level 6. HP: 11/41 MP: 0/13
  3452 | D:3      | Found a transporter.
  3459 | D:3      | Found a transporter.
  3626 | D:3      | Reached skill level 5 in Spellcasting
  3638 | D:3      | Noticed a kobold demonologist
  4115 | D:3      | Found a faded altar of an unknown god.
  4330 | D:3      | Found a stormy altar of Qazlal.
  4415 | D:3      | You fall through a shaft for 2 floors!
  4415 | D:5      | Entered Level 5 of the Dungeon
  4491 | D:5      | Found a shattered altar of Ashenzari.
  4536 | D:4      | Reached XP level 7. HP: 46/46 MP: 6/14
  4905 | D:4      | Found a basalt altar of Yredelemnul.
  5058 | D:4      | Reached skill level 6 in Fire Magic
  5132 | D:4      | Noticed Norrik's ghost (novice MiMo)
  5133 | D:4      | Found an ancient bone altar of Kikubaaqudgha.
  5174 | D:4      | Slain by Norrik's ghost

Skill      XL: |  1  2  3  4  5  6  7 |
---------------+----------------------+-----
Spellcasting   | 3 4 5 |  5.6
Fire Magic     | 4 5 6 |  6.0
Dodging        | |  1.7
Stealth        | |  2.4
Conjurations   | |  0.8

Action                   |  1- 3 |  4- 6 |  7- 9 || total
-------------------------+-------+-------+-------++-------
Melee: Unarmed           |     1 |       |       ||     1
       Dagger            |     1 |       |       ||     1
       Short sword       |       |    12 |       ||    12
 Cast: Flame Tongue      |    22 |    34 |    32 ||    88
       Throw Flame       |    46 |    43 |    16 ||   105
  Use: Scroll            |     2 |     1 |       ||     3
  Eat: Chunk             |     6 |     2 |     2 ||    10
       Ration            |     1 |     1 |       ||     2
Armor: Robe              |     6 |    11 |     3 ||    20
Dodge: Dodged            |    17 |    23 |     7 ||    47
Block: Buckler           |       |     6 |     1 ||     7
